 Dungeon Crawl Stone Soup version 0.32-a0-30-gefbe487952 (webtiles) character file.

Game seed: 13834688905066669975

2835 zazu2006 the Martial Artist (level 9, -3/65 (68) HPs)
             Began as a Gnoll Wanderer on Jan 19, 2024.
             Was an Initiate of Vehumet.
             Killed by an exploding wight (8 damage)
             ... ignited by their inner flame
             ... on level 7 of the Dungeon.
             The game lasted 00:17:44 (7519 turns).

zazu2006 the Martial Artist (Gnoll Wanderer)        Turns: 7519, Time: 00:17:44

HP:   -3/65 (68)    AC:  5    Str: 11    XL:     9   Next: 73%
MP:   12/17         EV: 13    Int: 14    God:    Vehumet [......]
Gold: 321           SH:  6    Dex: 14    Spells: 17/19 levels left

rFire   + . .        w - +2 dagger (venom)
rCold   . . .        c - +0 buckler
rNeg    . . .        p - +1 leather armour {rF+}
rPois   .            o - +0 helmet
rElec   .            (no cloak)
rCorr   +            (no gloves)
SInv    .            (no boots)
Will    .....        (no amulet)
Stlth   +++          d - ring of resist corrosion
HPRegen 0.30/turn    (no ring)
MPRegen 0.15/turn

%: no passive effects
@: mighty, lightly drained
A: fangs 1, strong nose, distributed training
a: Renounce Religion


You were on level 7 of the Dungeon.
You worshipped Vehumet.
Vehumet was noncommittal.
You visited 1 branch of the dungeon, and saw 7 of its levels.

You collected 357 gold pieces.
You spent 36 gold pieces at shops.

Inventory:

Hand Weapons
 i - a +2 falchion of electrocution
 u - a +0 triple sword
 w - a +2 dagger of venom (weapon)
 x - a +2 scimitar
Missiles
 r - 2 throwing nets
Armour
 c - a +0 buckler (worn)
 e - a +0 robe
 o - a +0 helmet (worn)
 p - a +1 leather armour of fire resistance (worn)
Jewellery
 d - a ring of resist corrosion (left hand)
 y - a ring of positive energy
Scrolls
 b - a scroll of fear
 f - 3 scrolls of butterflies
 g - a scroll of brand weapon
 h - 2 scrolls of identify
 j - 3 scrolls of revelation
 k - 3 scrolls of poison
 n - a scroll of amnesia
 t - 2 scrolls of enchant weapon
Potions
 a - a potion of brilliance
 l - a potion of attraction
 v - a potion of degeneration {unknown}
 z - a potion of cancellation {unknown}


   Skills:
 + Level 5.4 Fighting
 + Level 4.7 Short Blades
 + Level 4.7 Long Blades
 + Level 4.7 Axes
 + Level 4.7 Maces & Flails
 + Level 4.7 Polearms
 + Level 4.7 Staves
 + Level 4.7 Ranged Weapons
 + Level 4.7 Throwing
 + Level 5.4 Armour
 + Level 4.7 Dodging
 + Level 5.3 Stealth
 + Level 6.6 Shields
 + Level 8.1 Unarmed Combat
 + Level 5.5 Spellcasting
 + Level 3.9 Conjurations
 + Level 3.9 Hexes
 + Level 4.5 Summonings
 + Level 3.9 Necromancy
 + Level 3.9 Translocations
 + Level 3.9 Fire Magic
 + Level 3.9 Ice Magic
 + Level 3.9 Air Magic
 + Level 3.9 Earth Magic
 + Level 3.9 Alchemy
 + Level 5.2 Invocations
 + Level 4.7 Evocations
 + Level 4.2 Shapeshifting


You had 17 spell levels left.
You knew the following spells:

 Your Spells              Type           Power      Damage    Failure   Level
a - Summon Small Mammal   Summ           64%        N/A       4%          1
b - Sting                 Conj/Alch      56%        1d6       6%          1

Your spell library contained the following spells:

 Spells                   Type           Power      Damage    Failure   Level
 Slow                     Hex            56%        N/A       6%          1
 Call Imp                 Summ           32%        N/A       7%          2
 Mercury Vapours          Alch/Air       28%        N/A       9%          2
 Static Discharge         Conj/Air       28%        3-5/arc   9%          2
 Sublimation of Blood     Necr           14%        N/A       9%          2
 Call Canine Familiar     Summ           16%        N/A       14%         3
 Summon Ice Beast         Ice/Summ       15%        N/A       16%         3
 Confusing Touch          Hex            14%        N/A       17%         3
 Sigil of Binding         Hex            14%        N/A       17%         3
 Vampiric Draining        Necr           14%        2d7       17%         3
 Summon Lightning Spire   Summ/Air       15%        N/A       45%         4
 Airstrike                Air            7%         2d(1-17)  50%         4
 Dimensional Bullseye     Hex/Tloc       7%         N/A       50%         4
 Olgreb's Toxic Radiance  Alch           14%        N/A       50%         4
 Summon Hydra             Summ           8%         N/A       100%        7


Dungeon Overview and Level Annotations

Branches:
Dungeon (7/15)             Temple (0/1) D:7

Altars:
Dithmenos
Elyvilon
Fedhas
Makhleb
Nemelex Xobeh
Qazlal
Sif Muna
Vehumet
The Shining One

Shops:
D:6 !([(

Annotations:
D:2 1 runed translucent door, Crazy Yiuf


Innate Abilities, Weirdness & Mutations

You have very sharp teeth.
Your uncanny sense of smell can sniff out nearby items.
Your experience applies equally to all skills.


Message History

Your bat disappears in a puff of smoke!
m - a potion of might You hear the faint creaking of a very distant portcullis.
Found a leather armour.
Unknown command.
A wight comes into view.
It is wielding a +3 battleaxe. 3 wights come into view.
Found a robe.
Okay, then.
As you read the scroll labelled IMU MOSE DAQA, it crumbles to dust.
It is a scroll of enchant weapon.
Your +1 falchion of electrocution glows red for a moment.
The wight barely misses you.
As you read the scroll labelled YSEBLA KOKA, it crumbles to dust.
The creatures around you are filled with an inner flame!
It was a scroll of immolation.
You block the wight's attack.
The wight hits you from afar with a +0 spear.
* * * LOW HITPOINT WARNING * * *
You feel drained.
Okay, then.
The wight attacks as it pursues you! You block the wight's attack.
The wight attacks as it pursues you! You block the wight's attack.
You feel very mighty all of a sudden. The wight hits you with a +3 battleaxe!
* * * LOW HITPOINT WARNING * * *
You feel drained.
* * * LOW HITPOINT WARNING * * *
The wight completely misses you.
Okay, then.
You hit the wight but do no damage. The wight misses you.
The wight barely misses you.
You puncture the wight!
Flame seeps out of the wight.
The wight is heavily damaged.
The wight is engulfed in blazing flames.
Vehumet accepts your kill.
The wight explodes!
The fiery explosion engulfs the wight!
Flame seeps out of the wight.
The wight is almost destroyed.
The fiery explosion engulfs you! You resist.
You die...

********####** ### **
,,,,,,,,,z..<*#######.#####*****,
,********#..,,,...........,,,,,,,
,*******##..,**#[.....#.#*******,
,,,,,,,,,..z**##@###...#* **
,****.###.#.###○§......# *
,*,,,[........z§§####..# *
,*,,,.###.#.####.# #..## *
,,,,,,,,,...***#.# #...# *
,*,*,,,.....,,,..# #.#.# *
,*,*,#.##.##***### #...##### *
,*,,,#,,..* #.......# *
,,,,***#.,* ##.####.#####


You could see a wight (inner flame).

Vanquished Creatures
  Pikel (D:6)
  Joseph (D:7)
  Grinder (D:5)
  Sigmund (D:6)
  Eustachio (D:5)
  Menkaure (D:4)
  Edmund (D:4)
  2 ice beasts
  An ogre (D:5)
  2 phantoms (D:6)
  Blork the orc (D:5)
  A bullfrog (D:6)
  A gnoll sergeant (D:6)
  A scorpion (D:6)
  4 wights
  A howler monkey (D:4)
  3 bombardier beetles
  A hound (D:6)
  An iguana (D:6)
  A sleepcap (D:4)
  Jessica (D:2)
  Robin (D:2)
  16 gnolls
  3 adders
  A white imp (D:5)
  A dart slug (D:1)
  6 orcs (D:3)
  3 ball pythons
  4 endoplasms
  A giant cockroach (D:2)
  15 goblins
  8 hobgoblins
  4 jackals
  2 quokkas
  6 frilled lizards
  4 rats
103 creatures vanquished.

Notes
Turn   | Place    | Note
-------+----------+-------------------------------------------
     0 | D:1      | zazu2006 the Gnoll Wanderer began the quest for the Orb.
     0 | D:1      | zazu2006 set off with the following items: a +0 dagger, a
                  | scroll of fear, a +0 buckler, a potion of might, a +0 robe,
                  | a scroll of butterflies; and the following spell memorised:
                  | Summon Small Mammal; and the following spells available to
                  | memorise: Summon Ice Beast.
     0 | D:1      | Reached XP level 1. HP: 17/17 MP: 4/4
   250 | D:1      | Reached XP level 2. HP: 23/23 MP: 5/5
   979 | D:2      | Found a faded altar of an unknown god.
  1053 | D:2      | Found a runed translucent door.
  1054 | D:2      | Noticed Crazy Yiuf
  1136 | D:2      | Noticed Robin
  1162 | D:2      | Reached XP level 3. HP: 18/28 MP: 7/7
  1305 | D:2      | Killed Robin
  1306 | D:2      | Reached skill level 1 in Invocations
  1441 | D:2      | Noticed Jessica
  1457 | D:2      | Killed Jessica
  1458 | D:2      | Reached skill level 1 in Short Blades
  1458 | D:2      | Reached skill level 1 in Long Blades
  1458 | D:2      | Reached skill level 1 in Axes
  1458 | D:2      | Reached skill level 1 in Maces & Flails
  1458 | D:2      | Reached skill level 1 in Polearms
  1458 | D:2      | Reached skill level 1 in Staves
  1458 | D:2      | Reached skill level 1 in Ranged Weapons
  1458 | D:2      | Reached skill level 1 in Throwing
  1458 | D:2      | Reached skill level 1 in Dodging
  1458 | D:2      | Reached skill level 1 in Evocations
  1458 | D:2      | Reached skill level 1 in Shapeshifting
  1458 | D:2      | Reached XP level 4. HP: 19/34 MP: 8/8
  1623 | D:2      | Found a white marble altar of Elyvilon.
  1676 | D:2      | Learned a level 1 spell: Sting
  1689 | D:2      | Reached skill level 1 in Conjurations
  1689 | D:2      | Reached skill level 1 in Hexes
  1689 | D:2      | Reached skill level 1 in Necromancy
  1689 | D:2      | Reached skill level 1 in Translocations
  1689 | D:2      | Reached skill level 1 in Fire Magic
  1689 | D:2      | Reached skill level 1 in Ice Magic
  1689 | D:2      | Reached skill level 1 in Air Magic
  1689 | D:2      | Reached skill level 1 in Earth Magic
  1689 | D:2      | Reached skill level 1 in Alchemy
  2174 | D:3      | Reached XP level 5. HP: 31/40 MP: 6/9
  4156 | D:4      | Found a radiant altar of Vehumet.
  4161 | D:4      | Found a stormy altar of Qazlal.
  4164 | D:4      | Became a worshipper of Vehumet
  4168 | D:4      | Found a shadowy altar of Dithmenos.
  4168 | D:4      | Found a glowing golden altar of the Shining One.
  4175 | D:4      | Found a sparkling altar of Nemelex Xobeh.
  4178 | D:4      | Noticed Edmund
  4195 | D:4      | Killed Edmund
  4196 | D:4      | Reached skill level 5 in Shields
  4196 | D:4      | Reached XP level 6. HP: 14/47 MP: 6/11
  4360 | D:4      | Noticed Menkaure
  4366 | D:4      | Killed Menkaure
  4367 | D:4      | Reached skill level 7 in Unarmed Combat
  4367 | D:4      | Reached XP level 7. HP: 52/52 MP: 12/12
  4448 | D:4      | Found a blossoming altar of Fedhas.
  4609 | D:5      | Entered Level 5 of the Dungeon
  4823 | D:5      | Noticed Eustachio
  4840 | D:5      | Killed Eustachio
  5238 | D:5      | Noticed Grinder
  5244 | D:5      | Killed Grinder
  5245 | D:5      | Reached XP level 8. HP: 60/60 MP: 14/14
  5420 | D:5      | Noticed Blork the orc
  5430 | D:5      | Killed Blork the orc
  5887 | D:6      | Found Huom's Antique Weapon Boutique.
  5919 | D:6      | Noticed Pikel
  6183 | D:6      | Found Bium Woll's Weapon Boutique.
  6189 | D:6      | Found Kuewno's Distillery.
  6192 | D:6      | Noticed Sigmund
  6206 | D:6      | Killed Sigmund
  6306 | D:6      | Bought a potion of lignification for 36 gold pieces
  6372 | D:6      | Found a burning altar of Makhleb.
  6435 | D:6      | Reached XP level 9. HP: 66/66 MP: 16/16
  6455 | D:6      | Reached skill level 5 in Spellcasting
  6697 | D:6      | Killed Pikel
  6698 | D:6      | Reached skill level 5 in Fighting
  6698 | D:6      | Reached skill level 5 in Armour
  6698 | D:6      | Reached skill level 5 in Stealth
  6948 | D:6      | Reached skill level 8 in Unarmed Combat
  7287 | D:6      | Found Esock's Armour Shoppe.
  7298 | D:6      | Reached skill level 5 in Invocations
  7407 | D:6      | Found a shimmering blue altar of Sif Muna.
  7447 | D:7      | Noticed Joseph
  7451 | D:7      | Found a staircase to the Ecumenical Temple.
  7470 | D:7      | Killed Joseph
  7470 | D:7      | HP: 2/68 [white imp/puff of frost (5)]
  7519 | D:7      | Killed by an exploding wight... ignited by their inner
                  | flame

Illustrated notes

Levels and vault maps discovered:
D:1:      psy_arrival_radial01, layout_basic, skrybe_limestone_x
D:2:      layout_loops_ring, shapermc_ecumenical_altar_mp_ritualfount,
          basic_altar, uniq_crazy_yiuf_cottage, uniq_jessica, uniq_robin
D:3:      layout_basic
D:4:      layout_basic, fedhas_ov_isle_minmay,
          nicolae_overflow_hallway_of_the_gods, uniq_menkaure, uniq_edmund
D:5:      layout_basic, nicolae_elevator_lobby_plus, uniq_blork_the_orc,
          uniq_grinder, uniq_eustachio
D:6:      layout_basic, nicolae_overflow_crystal_walls,
          overflow_temple_1_default, serial_shops, nicolae_shop_behind_doors,
          shop, shop, nicolae_shop_rolling_square, uniq_sigmund, uniq_pikel
D:7:      layout_loops_ring, minmay_temple_entry_stoned_glass, enter_bailey_3,
          kennysheep_cross_room, serial_bayou_pond_b,
          minmay_misc_feat_nine_boxes, lightli_orcish_oven, uniq_maurice,
          uniq_joseph, uniq_jeremiah, uniq_prince_ribbit1

Skill      XL: |  1  2  3  4  5  6  7  8  9 |
---------------+----------------------------+-----
Summonings     | 2 3 4 |  4.5
Invocations    | 1 2 3 4 5 |  5.2
Short Blades   | 1 2 3 4 |  4.7
Long Blades    | 1 2 3 4 |  4.7
Axes           | 1 2 3 4 |  4.7
Maces & Flails | 1 2 3 4 |  4.7
Polearms       | 1 2 3 4 |  4.7
Staves         | 1 2 3 4 |  4.7
Ranged Weapons | 1 2 3 4 |  4.7
Throwing       | 1 2 3 4 |  4.7
Dodging        | 1 2 3 4 |  4.7
Spellcasting   | 3 4 5 |  5.5
Evocations     | 1 2 3 4 |  4.7
Shapeshifting  | 1 2 3 4 |  4.2
Conjurations   | 1 2 3 |  3.9
Hexes          | 1 2 3 |  3.9
Necromancy     | 1 2 3 |  3.9
Translocations | 1 2 3 |  3.9
Fire Magic     | 1 2 3 |  3.9
Ice Magic      | 1 2 3 |  3.9
Air Magic      | 1 2 3 |  3.9
Earth Magic    | 1 2 3 |  3.9
Alchemy        | 1 2 3 |  3.9
Fighting       | 3 4 5 |  5.4
Armour         | 3 4 5 |  5.4
Stealth        | 3 4 5 |  5.3
Shields        | 5 6 |  6.6
Unarmed Combat | 7 8 |  8.1

Action                     |  1- 3 |  4- 6 |  7- 9 || total
---------------------------+-------+-------+-------++-------
  Melee: Dagger            |    97 |    68 |   136 ||   301
         Bite              |     8 |     7 |    22 ||    37
         Falchion          |       |       |    19 ||    19
   Cast: Sting             |       |    73 |    77 ||   150
         Summon Small Mamm |       |     4 |     3 ||     7
  Evoke: Wand              |     1 |     5 |    14 ||    20
    Use: Potion            |     1 |       |     7 ||     8
         Scroll            |       |       |    10 ||    10
   Stab: Sleeping          |     2 |       |     2 ||     4
         Paralysed         |     3 |     3 |     2 ||     8
         Distracted        |       |     1 |       ||     1
 Armour: Robe              |    59 |    42 |    19 ||   120
         Leather armour    |       |       |    80 ||    80
         Skin              |       |       |    11 ||    11
  Dodge: Dodged            |    41 |    47 |   105 ||   193
  Block: Buckler           |    19 |    22 |    40 ||    81

Table legend: (Time is in decaauts)
 A = Elapsed time spent in this place.
 B = Non-inter-level travel time spent in this place.
 C = Inter-level travel time spent in this place.
 D = Time resting spent in this place.
 E = Time spent auto-exploring this place.
 F = Levels seen in this place.
 G = Mean time per level.
                   A        B        C        D        E       F      G
               +--------+--------+--------+--------+--------+-----+--------+
         Total |   7504 |   7324 |    180 |    218 |   5967 |   7 | 1072.0 |
       Dungeon |   7504 |   7324 |    180 |    218 |   5967 |   7 | 1072.0 |
               +--------+--------+--------+--------+--------+-----+--------+

Top non-repeatable levels by time:
     D:3: 1602 daAuts
     D:6: 1588 daAuts
     D:2: 1259 daAuts
     D:5: 1235 daAuts
     D:1: 889 daAuts
     D:4: 858 daAuts
     D:7: 70 daAuts
